Map: [ESL] Data-C

Players

AqueroN - Winner!

  • Race: Terran Terran
  • Spawn Location: 3:00

Lambo

  • Race: Zerg Zerg
  • Spawn Location: 9:00

Event: DreamHack SC2 Masters 2022 Atlanta (Online)

VOD

Have the link to the VOD?

Description

Time

  • Played on: Oct. 2, 2022, 1:43 p.m.
  • Length: 9:38

All games in this series

Show
View Real Time Build Order
Export as new Build Order

AqueroN Terran - Winner!

Build Orders: Hellion Opening, Reaper Expand 

Get SALT Encoding   

  12  0:00  SCV  
  13  0:12  SCV  
  14  0:17  Supply Depot  
  14  0:24  SCV  
  15  0:38  SCV  
  15  0:39  Barracks  
  16  0:43  Refinery  
  16  0:50  SCV  
  17  1:02  SCV  
  18  1:15  SCV  
  19  1:26  Reaper  
  19  1:27  Orbital Command  
  20  1:39  Command Center  
  20  1:47  Supply Depot  
  20  1:52  SCV  
  21  1:58  Marine  
  22  2:04  SCV  
  22  2:07  Factory  
  23  2:16  SCV  
  23  2:17  Refinery  
  23  2:21  Barracks Reactor  
  24  2:28  SCV  
  25  2:40  SCV  
  26  2:52  SCV, Starport  
  26  2:53  Orbital Command  
  27  3:05  SCV, Hellion x2  
  32  3:12  Marine  
  33  3:13  Supply Depot  
  33  3:17  SCV  
  33  3:19  SCV  
  35  3:26  Hellion x2  
  39  3:29  SCV  
  39  3:31  SCV  
  39  3:32  Fusion Core  
  41  3:37  Barracks Tech Lab  
  41  3:41  SCV  
  42  3:43  SCV  
  42  3:47  Supply Depot, Hellion  
  42  3:48  Hellion  
  47  3:53  SCV  
  48  3:55  SCV  
  49  4:05  Supply Depot, SCV  
  49  4:08  SCV  
  49  4:09  Marine  
  54  4:13  Hellion  
  54  4:16  Hellion  
  58  4:23  Supply Depot, Battlecruiser  
  62  4:29  SCV x2  
  64  4:36  Barracks Tech Lab  
  64  4:41  Barracks  
  64  4:42  Barracks  
  64  4:44  SCV x2  
  64  4:45  Refinery  
  66  4:56  Supply Depot, SCV x2  
  66  4:57  Stimpack, Factory Reactor, Marine  
  69  5:04  Barracks  
  69  5:06  Barracks  
  69  5:09  SCV x2  
  69  5:10  Supply Depot  
  71  5:15  Marine  
  72  5:23  Engineering Bay  
  70  5:33  Marine  
  70  5:35  Battlecruiser  
  75  5:42  Marine x2  
  78  5:46  Supply Depot, SCV x2  
  78  5:49  Marine x2  
  81  5:50  Terran Infantry Weapons Level 1  
  81  5:51  Factory Tech Lab  
  81  5:56  Barracks Reactor  
  81  6:00  Supply Depot, Marine x2  
  81  6:01  Refinery, Marine  
  81  6:02  Barracks Reactor  
  78  6:07  Marine x2  
  80  6:16  Siege Tank  
  80  6:18  Marine x2  
  83  6:24  Marine  
  81  6:27  Marine x2  
  81  6:34  Marine x2  
  81  6:35  Supply Depot x2  
  81  6:36  Supply Depot, Marine x2  
  85  6:42  Marine  
  85  6:44  Marine x2  
  85  6:45  Marine  
  85  6:46  Combat Shield  
  89  6:47  Marine  
  89  6:50  Starport Reactor  
  89  6:51  Marine  
  89  6:54  Marine x3  
  91  6:56  Siege Tank  
  91  7:00  Supply Depot, Marine  
  98  7:01  Supply Depot  
  98  7:04  Marine x2  
  98  7:06  Marine  
  98  7:07  Marine  
  102  7:12  Marine x4  
  106  7:18  Marine  
  106  7:22  Marine x2  
  109  7:24  Marine x2  
  109  7:28  Siege Tank  
  114  7:30  Marine  
  114  7:33  Marine  
  114  7:34  Marine  
  117  7:38  Marine  
  117  7:39  Medivac, Marine  
  117  7:41  Medivac  
  123  7:44  Marine  
  123  7:49  Marine  
  123  7:50  Marine  
  120  7:51  Marine x2  
  120  7:55  Marine x2  
  124  8:00  Siege Tank  
  124  8:03  Marine x3  
  130  8:07  Marine  
  130  8:08  Marine  
  130  8:09  Medivac  
  130  8:11  Medivac  
  136  8:16  Marine  
  136  8:17  Marine  
  136  8:18  Marine  
  136  8:19  Marine  
  129  8:29  Marine x4  
  107  8:39  Marine  
  107  8:40  Marine x3  
  100  8:47  Marine x2  
  100  8:48  Marine  
  98  8:50  Marine x2  
  99  8:57  Marine x2  
  99  8:58  Marine  
  81  9:05  Marine x2  
  83  9:16  Marine x3  
Show
View Real Time Build Order
Export as new Build Order

Lambo Zerg 

Build Orders: Hatch First 

Get SALT Encoding   

  12  0:00  Drone  
  13  0:12  Overlord  
  13  0:17  Drone  
  14  0:30  Drone x2  
  16  0:48  Hatchery  
  15  0:51  Drone  
  15  0:55  Drone  
  17  0:58  Drone  
  18  1:09  Extractor  
  17  1:13  Spawning Pool  
  17  1:16  Drone  
  17  1:20  Drone  
  18  1:28  Drone  
  19  1:38  Drone  
  20  1:49  Drone  
  21  1:59  Queen  
  21  2:00  Zergling x2, Queen  
  21  2:01  Zergling x2  
  27  2:10  Drone  
  27  2:11  Overlord  
  28  2:21  Hatchery  
  27  2:23  Drone  
  28  2:35  Drone x3  
  31  2:39  Queen  
  33  2:45  Overlord  
  33  2:49  Drone  
  34  2:54  Drone x2  
  34  2:55  Metabolic Boost  
  36  3:02  Queen  
  38  3:08  Drone x2  
  40  3:14  Drone x3  
  44  3:20  Drone  
  44  3:27  Overlord  
  44  3:28  Overlord  
  44  3:33  Queen x2  
  48  3:36  Drone  
  49  3:42  Drone  
  50  3:49  Overlord  
  50  3:50  Drone x5  
  55  3:57  Drone  
  55  3:58  Drone, Overlord  
  55  4:01  Zergling x4  
  59  4:04  Zergling x2  
  59  4:08  Overlord  
  60  4:16  Queen  
  62  4:18  Queen  
  62  4:20  Zergling x4  
  66  4:24  Drone x2  
  66  4:25  Drone x5  
  66  4:29  Overlord  
  73  4:33  Lair  
  73  4:38  Extractor  
  72  4:39  Spore Crawler x2  
  72  4:42  Spore Crawler  
  72  4:44  Baneling Nest  
  72  4:45  Drone x3  
  71  4:54  Queen  
  71  4:55  Drone x5  
  71  4:59  Overlord  
  78  5:00  Overlord  
  78  5:02  Zergling x2  
  78  5:05  Drone x3  
  82  5:09  Overlord, Extractor  
  82  5:13  Drone x3  
  84  5:15  Drone  
  84  5:19  Extractor  
  84  5:22  Overlord  
  84  5:29  Hatchery  
  84  5:30  Drone x6  
  85  5:45  Drone x8  
  85  5:46  Drone  
  94  5:50  Spire  
  88  5:57  Drone x5  
  88  5:59  Drone  
  94  6:08  Centrifugal Hooks  
  94  6:10  Extractor, Overlord  
  94  6:11  Drone  
  94  6:15  Overlord, Extractor  
  94  6:17  Overlord  
  93  6:18  Drone  
  93  6:26  Overlord  
  93  6:28  Zergling x4  
  93  6:30  Overseer  
  93  6:32  Zergling x2  
  95  6:33  Queen x3  
  101  6:42  Zergling x12  
  105  6:49  Queen  
  105  6:52  Zergling x12  
  101  7:08  Queen x3  
  101  7:10  Corruptor x2  
  101  7:11  Corruptor x2  
  113  7:17  Corruptor x2  
  112  7:23  Zergling x8  
  112  7:24  Queen  
  112  7:29  Zergling x12  
  122  7:30  Baneling  
  122  7:31  Baneling x2  
  122  7:37  Zergling x2  
  122  7:38  Zergling x12  
  122  7:43  Zergling x8  
  133  7:47  Evolution Chamber  
  133  7:48  Evolution Chamber  
  133  7:49  Baneling x5  
  130  7:54  Queen  
  130  7:57  Zergling x12  
  138  8:00  Zergling x2  
  138  8:03  Zergling x6  
  142  8:08  Baneling x4  
  142  8:09  Overlord  
  142  8:14  Overlord  
  142  8:15  Overlord  
  142  8:17  Overlord  
  138  8:27  Zergling x28  
  138  8:34  Zergling x8  
  138  8:40  Baneling x7  
  140  8:43  Zergling x2  
  140  8:44  Zergling x6  
  134  8:49  Zergling x10  
  115  8:57  Zergling x10  
  115  9:02  Zergling x10  
  93  9:12  Zergling x8  
  93  9:16  Zergling x2  
  88  9:20  Zergling x4  
  66  9:34  Baneling Nest  
Tags
 
Add a new tag
Caveats
  • Supply blocks, unpowered buildings, or Contaminate may cause inaccurate times.
  • Supply counts are checked every 10 seconds.